[Event "Titled Tuesday Blitz August 3 2021"]
[White "Gupta, Abhijeet"]
[Black "Damjanovic, Vladimir"]
[WhiteFideId "5010608"]
[BlackFideId "903795"]
[WhiteElo "2549"]
[BlackElo "2374"]
[Result "1-0"]
[Round "02"]
[TimeControl "180+1"]
[Date "2021.08.03"]
[WhiteClock "0:01:21"]
[BlackClock "0:00:08"]

1. Nf3 Nf6 2. c4 g6 3. Nc3 Bg7 4. e4 d6 5. d4 O-O 6. h3 c5 7. d5 b5 8. cxb5 a6 9. a4 e6 10. dxe6 Bxe6 11. Be2 axb5 12. Bxb5 Na6 13. O-O Nc7 14. Bd3 d5 15. exd5 Ncxd5 16. Nxd5 Nxd5 17. Ng5 Qb6 18. Nxe6 fxe6 19. Bc4 Rfd8 20. Qe2 Kh8 21. a5 Rxa5 22. Rxa5 Qxa5 23. Qxe6 Nb6 24. Bg5 Rb8 25. Bf4 Rf8 26. Bd6 Ra8 27. Bc7 Qb4 28. Bxb6 Bxb2 29. Bc7 Bd4 30. Qe5+ Bxe5 31. Bxe5# 1-0


[Site "https://www.chess.com"]

[Event "Titled Tuesday Blitz August 3 2021"]
[White "Hamley, Ryan"]
[Black "Nitin, S."]
[WhiteFideId "30959497"]
[BlackFideId "5018277"]
[WhiteElo "2385"]
[BlackElo "2431"]
[Result "0-1"]
[Round "02"]
[TimeControl "180+1"]
[Date "2021.08.03"]
[WhiteClock "0:00:07"]
[BlackClock "0:00:10"]

1. e4 c5 2. Nf3 d6 3. d4 cxd4 4. Nxd4 Nf6 5. Nc3 e6 6. h3 Nc6 7. Be3 Be7 8. g4 a6 9. Bg2 O-O 10. g5 Nd7 11. h4 Nde5 12. Qe2 Bd7 13. f4 Nxd4 14. Bxd4 Nc6 15. Be3 Rc8 16. O-O-O Qa5 17. Kb1 Nb4 18. a3 Rxc3 19. axb4 Rxe3 20. Qxe3 Qxb4 21. h5 Rc8 22. h6 Bf8 23. hxg7 Bxg7 24. e5 Ba4 25. Be4 dxe5 26. fxe5 Kf8 27. Bxh7 Qb5 28. Qa3+ Ke8 29. b3 Bxb3 30. Qxb3 Qxe5 31. Qa2 Rc6 32. Rd3 Qxg5 33. Rhd1 Bf6 34. Be4 Rc5 35. Rb3 Qe5 36. Bxb7 Ra5 37. Bc6+ Kf8 38. Ra3 Qb8+ 39. Qb3 Qxb3+ 40. Rxb3 Ra1# 0-1


[Site "https://www.chess.com"]

[Event "Titled Tuesday Blitz August 3 2021"]
[White "Hansen, Sune Berg"]
[Black "Marcziter, Dmitrii"]
[WhiteFideId "1400266"]
[BlackFideId "13900765"]
[WhiteElo "2652"]
[BlackElo "2155"]
[Result "1-0"]
[Round "02"]
[TimeControl "180+1"]
[Date "2021.08.03"]
[WhiteClock "0:00:15"]
[BlackClock "0:00:45"]

1. e4 c5 2. Nc3 a6 3. Nge2 Nc6 4. g3 b5 5. Bg2 Bb7 6. O-O e6 7. d4 cxd4 8. Nxd4 Rc8 9. Nb3 Nf6 10. e5 Ng8 11. Be3 d6 12. exd6 Qxd6 13. Ne4 Qc7 14. a4 Nf6 15. Nxf6+ gxf6 16. axb5 axb5 17. Qh5 f5 18. c3 Ne5 19. Ra7 Rb8 20. Bf4 Bd6 21. Rd1 Nc4 22. Bxd6 Nxd6 23. Qg5 Qb6 24. Bxb7 Nxb7 25. Raa1 Rd8 26. h4 Nd6 27. Qf4 Rg8 28. Nd4 Ne4 29. Kg2 Qb7 30. Qf3 f4 31. Nxe6 fxe6 32. Qh5+ Rg6 33. Rxd8+ Kxd8 34. Rd1+ Ke7 35. Qxh7+ Kf6 36. Qxb7 fxg3 37. Qxe4 gxf2+ 38. Kxf2 Kg7 39. Qe5+ Rf6+ 40. Ke3 Kf7 41. Rd7+ Kg6 42. h5+ Kh6 43. Qxf6+ Kxh5 44. Rh7+ Kg4 45. Rh4+ Kg3 46. Qf4+ Kg2 47. Rh2+ Kg1 48. Qf2# 1-0


[Site "https://www.chess.com"]

[Event "Titled Tuesday Blitz August 3 2021"]
[White "Heinemann, Josefine"]
[Black "Shyaamnikhil P"]
[WhiteFideId "12900460"]
[BlackFideId "5024218"]
[WhiteElo "2300"]
[BlackElo "2300"]
[Result "0-1"]
[Round "02"]
[TimeControl "180+1"]
[Date "2021.08.03"]
[WhiteClock "0:00:07"]
[BlackClock "0:00:19"]

1. Nf3 Nf6 2. g3 g6 3. Bg2 Bg7 4. O-O O-O 5. d4 c6 6. c4 d5 7. cxd5 cxd5 8. Ne5 Ng4 9. Nxg4 Bxg4 10. Nc3 Nc6 11. Nxd5 Nxd4 12. Nc3 Nxe2+ 13. Nxe2 Qxd1 14. Rxd1 Bxe2 15. Re1 Ba6 16. Rxe7 Rad8 17. Re1 h5 18. Bf1 Bxf1 19. Kxf1 Rc8 20. Rb1 Rc2 21. a4 Rfc8 22. b3 Bc3 23. Re2 Bd4 24. Be3 Rxe2 25. Kxe2 Bxe3 26. Kxe3 Rc2 27. h4 Kf8 28. f3 Ke7 29. Kf4 Rc3 30. g4 Kf6 31. a5 a6 32. b4 Rc4+ 33. Kg3 Ke5 34. Re1+ Kd6 35. Rd1+ Kc6 36. gxh5 gxh5 37. Re1 Rxb4 38. Re7 Rb5 39. Rxf7 Rxa5 40. Rf6+ Kc7 41. Rf7+ Kb8 42. f4 Ra3+ 43. Kg2 a5 44. f5 Ra4 45. Kh3 Rf4 46. Kg3 Rg4+ 47. Kh3 a4 48. f6 a3 49. Re7 Rf4 50. Re3 a2 51. Re1 Rxf6 52. Ra1 Ra6 0-1


[Site "https://www.chess.com"]

[Event "Titled Tuesday Blitz August 3 2021"]
[White "Hryshchenko, Kamila"]
[Black "Siva Mahadevan"]
[WhiteFideId "14147491"]
[BlackFideId "25043153"]
[WhiteElo "1966"]
[BlackElo "2203"]
[Result "0-1"]
[Round "02"]
[TimeControl "180+1"]
[Date "2021.08.03"]
[WhiteClock "0:00:19"]
[BlackClock "0:00:15"]

1. g3 d5 2. Bg2 e5 3. d4 exd4 4. Qxd4 c6 5. Bf4 Nf6 6. Nc3 Nbd7 7. O-O-O Bc5 8. Qd2 Qa5 9. Kb1 Qa6 10. e4 dxe4 11. Bd6 Qb6 12. Bxe4 Bxd6 13. Qxd6 Qc5 14. Qf4 O-O 15. Nf3 Nb6 16. Ng5 h6 17. h4 Nc4 18. Bd3 Ne5 19. Nce4 Nxd3 20. Nxf6+ gxf6 21. Rxd3 fxg5 22. Qf6 Qf5 23. Qxh6 g4 24. Rd4 Be6 25. Rf4 Qd5 26. Rc1 Qxa2# 0-1


[Site "https://www.chess.com"]

[Event "Titled Tuesday Blitz August 3 2021"]
[White "Indjic, Aleksandar"]
[Black "Siniauski, Artsiom"]
[WhiteFideId "911925"]
[BlackFideId "13512269"]
[WhiteElo "2643"]
[BlackElo "2210"]
[Result "1-0"]
[Round "02"]
[TimeControl "180+1"]
[Date "2021.08.03"]
[WhiteClock "0:01:35"]
[BlackClock "0:00:42"]

1. d4 Nf6 2. Nf3 b6 3. Bg5 Bb7 4. Nbd2 e6 5. e4 Be7 6. Bd3 d5 7. e5 Nfd7 8. h4 h6 9. Bxe7 Qxe7 10. Qe2 c5 11. c3 a5 12. O-O cxd4 13. cxd4 Ba6 14. a3 O-O 15. Rac1 Bxd3 16. Qxd3 Ra7 17. Rc3 f6 18. exf6 Qxf6 19. Re1 Rb7 20. Qb5 Rf7 21. Nf1 Nf8 22. N1h2 Nbd7 23. Rc8 Qf5 24. Qc6 Rb8 25. Rxb8 Nxb8 26. Qxb6 Nbd7 27. Qxa5 Nf6 28. Nf1 Ne4 29. Ng3 Nxg3 30. fxg3 Qg4 31. Kh2 Rxf3 32. gxf3 Qxd4 33. Re2 e5 34. Qd2 Qc4 35. Rxe5 d4 36. Re4 Ne6 37. Qe2 Qxe2+ 38. Rxe2 Nc5 39. Rd2 1-0


[Site "https://www.chess.com"]

[Event "Titled Tuesday Blitz August 3 2021"]
[White "Iskusnyh, Sergei"]
[Black "Yoo, Christopher Woojin"]
[WhiteFideId "4120027"]
[BlackFideId "30909694"]
[WhiteElo "2492"]
[BlackElo "2105"]
[Result "0-1"]
[Round "02"]
[TimeControl "180+1"]
[Date "2021.08.03"]
[WhiteClock "0:00:22"]
[BlackClock "0:01:00"]

1. d4 Nf6 2. c4 e6 3. g3 d5 4. Nf3 Be7 5. Bg2 O-O 6. O-O dxc4 7. Qc2 b5 8. a4 Bb7 9. axb5 a6 10. bxa6 Nxa6 11. Qxc4 Bd5 12. Qc3 c5 13. dxc5 Ne4 14. Qd3 Naxc5 15. Rxa8 Qxa8 16. Qa3 Qb7 17. Nc3 Nb3 18. Qa4 Ra8 19. Qb5 Nxc3 20. Qxb7 Nxe2+ 21. Kh1 Bxb7 22. Be3 Ra1 23. Rxa1 Nxa1 24. Nd4 Bxg2+ 25. Kxg2 Nxd4 26. Bxd4 Bf6 27. Bxf6 gxf6 28. b4 Nb3 29. b5 Nc5 30. Kf3 Nd7 31. Ke3 Kg7 32. Kd4 Kg6 33. Ke4 Kg5 34. h3 f5+ 35. Ke3 h5 36. f4+ Kf6 37. Kd4 Ke7 38. Kc4 Kd6 39. Kd4 f6 40. Kc4 Kc7 41. Kb4 Kb6 42. Kc4 Nc5 43. Kd4 Kxb5 44. g4 hxg4 45. h4 Nd7 46. h5 Nf8 47. h6 Kb4 0-1


[Site "https://www.chess.com"]

[Event "Titled Tuesday Blitz August 3 2021"]
[White "Karttunen, Mika"]
[Black "Grachev, Boris"]
[WhiteFideId "502081"]
[BlackFideId "4129199"]
[WhiteElo "2343"]
[BlackElo "2595"]
[Result "0-1"]
[Round "02"]
[TimeControl "180+1"]
[Date "2021.08.03"]
[WhiteClock "0:00:04"]
[BlackClock "0:00:06"]

1. e4 c5 2. Nf3 e6 3. d4 cxd4 4. Nxd4 Nf6 5. Nc3 Nc6 6. Nxc6 bxc6 7. e5 Nd5 8. Ne4 Bb7 9. c4 Nb4 10. a3 Qa5 11. Nc3 Qxe5+ 12. Be2 Na6 13. f4 Qf6 14. Bf3 d5 15. cxd5 exd5 16. O-O Bc5+ 17. Kh1 O-O 18. Ne2 Bb6 19. Ng3 Nc5 20. Nh5 Qf5 21. Bd2 Ne4 22. Bxe4 dxe4 23. Bc3 f6 24. Ng3 Qd5 25. Qg4 Kh8 26. Rad1 Qc4 27. f5 Rad8 28. Rde1 c5 29. Nh5 Qf7 30. Nf4 Ba6 31. Rf2 Bd3 32. Ne6 c4 33. Nxd8 Rxd8 34. Rf4 Bc7 35. Rfxe4 Bxe4 36. Qxe4 h6 37. Qe6 Qh5 38. h3 Qh4 39. Qe4 Qg3 40. Kg1 Bb6+ 41. Kh1 Bc7 42. Kg1 Kh7 43. Qg4 Bb6+ 44. Kh1 Qxg4 45. hxg4 Rd3 46. Kh2 Bd4 47. Rc1 Be5+ 48. Kg1 Bxc3 49. Rxc3 Rd4 50. Kf2 Rxg4 51. Kf3 Rd4 52. Ke3 Rd5 53. g4 Rb5 54. Rxc4 Rxb2 55. Kd4 Rd2+ 56. Kc5 Rd7 57. Kc6 Re7 58. Kd6 Re5 59. Ra4 a5 60. Kc6 h5 61. gxh5 Rxf5 62. Kb6 Rxh5 63. Rxa5 Rh3 64. Ra7 Kg6 65. Kc5 Rc3+ 66. Kd4 Rc1 67. a4 Rd1+ 68. Ke3 Ra1 69. a5 Kh6 70. a6 Ra4 71. Ra8 Kg5 72. Kf3 Kf5 73. a7 Ra3+ 74. Ke2 Kf4 75. Kd2 Kf3 76. Kc2 Ra6 77. Kd2 Kg3 78. Ke2 Ra2+ 79. Ke3 Ra3+ 80. Ke4 Ra5 81. Ke3 g5 82. Rf8 Rxa7 83. Rxf6 Re7+ 84. Kd2 g4 85. Kd1 Kg2 86. Rf4 g3 87. Rf6 Kh2 88. Rh6+ Kg1 89. Rg6 g2 90. Rg8 Rh7 91. Ke2 Kh1 0-1


[Site "https://www.chess.com"]

[Event "Titled Tuesday Blitz August 3 2021"]
[White "Kavyev, Ruslan"]
[Black "Sanal, Vahap"]
[WhiteFideId "34110981"]
[BlackFideId "6300545"]
[WhiteElo "2172"]
[BlackElo "2495"]
[Result "0-1"]
[Round "02"]
[TimeControl "180+1"]
[Date "2021.08.03"]
[WhiteClock "0:00:32"]
[BlackClock "0:01:29"]

1. d4 Nf6 2. c4 e6 3. g3 d5 4. Nf3 c6 5. Bg2 Nbd7 6. Qc2 b6 7. O-O Ba6 8. Nbd2 Be7 9. b3 O-O 10. e4 Rc8 11. Bb2 Bb7 12. Rfd1 Qc7 13. Rac1 Qb8 14. h4 c5 15. exd5 exd5 16. Qf5 Rfe8 17. h5 g6 18. hxg6 hxg6 19. Qh3 Kg7 20. dxc5 Nxc5 21. cxd5 Nd3 22. d6 Nxb2 23. d7 Nxd7 24. Qxd7 Nxd1 25. Rxd1 Rcd8 26. Qg4 Bf6 27. Nh4 Bxh4 28. Qxh4 Bxg2 29. Kxg2 Qb7+ 30. Kg1 Rxd2 0-1


[Site "https://www.chess.com"]

[Event "Titled Tuesday Blitz August 3 2021"]
[White "Khnykin, Nikolay"]
[Black "Kovalev, Egor"]
[WhiteFideId "4188853"]
[BlackFideId "24124117"]
[WhiteElo "2280"]
[BlackElo "2253"]
[Result "0-1"]
[Round "02"]
[TimeControl "180+1"]
[Date "2021.08.03"]
[WhiteClock "0:00:16"]
[BlackClock "0:01:29"]

1. e4 c5 2. d4 cxd4 3. c3 Qa5 4. Nf3 Nc6 5. Bd2 Qb6 6. Qc2 d6 7. Na3 Nf6 8. Nc4 Qc7 9. cxd4 Bg4 10. d5 Bxf3 11. gxf3 Ne5 12. Nxe5 Qxc2 13. Bb5+ Nd7 14. Nxd7 Qxb2 15. Ba5 Qxb5 0-1


[Site "https://www.chess.com"]

[Event "Titled Tuesday Blitz August 3 2021"]
[White "Khoroshev, Nikita"]
[Black "Praggnanandhaa R"]
[WhiteFideId "14200287"]
[BlackFideId "25059530"]
[WhiteElo "2328"]
[BlackElo "2555"]
[Result "0-1"]
[Round "02"]
[TimeControl "180+1"]
[Date "2021.08.03"]
[WhiteClock "0:00:25"]
[BlackClock "0:01:18"]

1. d4 Nf6 2. c4 Nc6 3. Nf3 e6 4. Nc3 Bb4 5. Bd2 d6 6. e3 O-O 7. Be2 e5 8. O-O Re8 9. a3 Bxc3 10. Bxc3 Bg4 11. h3 Bh5 12. dxe5 dxe5 13. Qxd8 Raxd8 14. Rfd1 Rxd1+ 15. Rxd1 Ne4 16. Be1 Ng5 17. Kf1 Bxf3 18. Bxf3 Nxf3 19. gxf3 Rd8 20. Rxd8+ Nxd8 21. Bc3 f6 22. Ke2 Kf7 23. Kd3 Kg6 24. Ke2 Kh5 25. Kf1 Ne6 26. Kg2 Kh4 27. Be1 c6 28. f4 exf4 29. f3+ Kh5 30. e4 g5 31. Bc3 Kg6 32. Kf2 h5 33. Ke2 Nd8 34. Bd4 b6 35. b4 Nf7 36. a4 g4 37. fxg4 hxg4 38. hxg4 Ne5 39. c5 bxc5 40. Bxc5 a6 41. Be7 Kg5 42. Bd8 Nxg4 43. Kf3 Ne5+ 44. Ke2 f3+ 45. Ke3 Kh5 46. Be7 Kg6 47. Bd8 Kg5 48. Be7 Kg4 49. Bxf6 Kg3 50. Bxe5+ Kg2 51. Bd4 f2 52. a5 f1=Q 53. Bc5 Qc4 54. Kf4 Qe6 55. e5 Kf1 56. Bd6 Ke2 57. Ke4 Kd2 58. Kd4 Qd5# 0-1


[Site "https://www.chess.com"]

[Event "Titled Tuesday Blitz August 3 2021"]
[White "Kobalia, Mikhail"]
[Black "Perez Gormaz, Matias"]
[WhiteFideId "4119150"]
[BlackFideId "3406342"]
[WhiteElo "2569"]
[BlackElo "2414"]
[Result "1-0"]
[Round "02"]
[TimeControl "180+1"]
[Date "2021.08.03"]
[WhiteClock "0:00:20"]
[BlackClock "0:00:02"]

1. e4 c5 2. Nf3 d6 3. Bb5+ Bd7 4. Bxd7+ Nxd7 5. O-O Ngf6 6. Qe2 Rc8 7. Rd1 e6 8. c4 Qc7 9. b3 Ne5 10. Bb2 Nxf3+ 11. Qxf3 Be7 12. d4 cxd4 13. Bxd4 a6 14. Nc3 O-O 15. Rac1 Qa5 16. Qe2 Rfd8 17. f4 Qh5 18. Qd3 Nd7 19. Bf2 Nc5 20. Qd2 Bf6 21. Re1 h6 22. Bd4 Bxd4+ 23. Qxd4 e5 24. Qd5 Qg4 25. f5 Nd7 26. Re3 Qf4 27. Qd3 Nc5 28. Qe2 Nd7 29. Rf1 Qg5 30. Rg3 Qe7 31. Nd5 Qf8 32. f6 g6 33. Ne7+ Kh7 34. Nxc8 Rxc8 35. Qg4 Nc5 36. Rd1 Ne6 37. Rh3 h5 38. Qh4 Nf4 39. Rf3 Ne2+ 40. Kh1 Nd4 41. Rg3 Qh6 42. Rf1 b5 43. cxb5 axb5 44. a4 b4 45. Qh3 Rc1 46. Rf3 Nxf3 47. Qxf3 Qd2 48. h3 Rxf1+ 49. Qxf1 Qc3 50. Qd1 Kh6 51. a5 Qc5 52. Qa1 g5 53. a6 Qa7 54. Kh2 Kg6 55. Qa5 1-0


[Site "https://www.chess.com"]

[Event "Titled Tuesday Blitz August 3 2021"]
[White "Kononenko, Dmitry"]
[Black "Ivanisevic, Ivan"]
[WhiteFideId "14113538"]
[BlackFideId "912417"]
[WhiteElo "2289"]
[BlackElo "2499"]
[Result "0-1"]
[Round "02"]
[TimeControl "180+1"]
[Date "2021.08.03"]
[WhiteClock "0:02:09"]
[BlackClock "0:02:06"]

1. d4 Nf6 2. c4 e6 3. g3 d5 4. Nf3 Bb4+ 5. Bd2 Be7 6. Bg2 O-O 7. O-O Nbd7 8. Qc2 Ne4 9. Bf4 c6 10. Ne1 g5 11. Bc1 f5 12. f3 Nd6 13. b3 Bf6 14. Bb2 dxc4 15. bxc4 e5 16. d5 e4 17. Bxf6 Qxf6 18. Nd2 Qxa1 19. fxe4 Qd4+ 20. Kh1 fxe4 21. Rxf8+ Nxf8 22. Nxe4 Bf5 0-1


[Site "https://www.chess.com"]

[Event "Titled Tuesday Blitz August 3 2021"]
[White "Korchmar, Vasiliy"]
[Black "Kalashian, David"]
[WhiteFideId "24131750"]
[BlackFideId "13302418"]
[WhiteElo "2370"]
[BlackElo "2490"]
[Result "0-1"]
[Round "02"]
[TimeControl "180+1"]
[Date "2021.08.03"]
[WhiteClock "0:00:14"]
[BlackClock "0:01:10"]

1. d4 Nf6 2. Nf3 e6 3. Bf4 b6 4. e3 Bb7 5. Nbd2 Be7 6. h3 O-O 7. Bd3 c5 8. c3 cxd4 9. cxd4 d6 10. a3 a6 11. Qe2 Re8 12. Rd1 Nbd7 13. e4 Nf8 14. e5 Nd5 15. Bg3 Ng6 16. Bxg6 hxg6 17. O-O Rc8 18. Ne4 dxe5 19. dxe5 Bf8 20. Nfg5 f5 21. exf6 gxf6 22. Nf3 e5 23. Nh4 f5 24. Nxg6 fxe4 25. Qg4 Bg7 26. Bxe5 Rc7 27. Bxc7 Qxc7 28. Rfe1 e3 29. fxe3 Nxe3 30. Rd7 Qc5 31. Rxg7+ Kxg7 32. Ne5+ Nxg4+ 0-1


[Site "https://www.chess.com"]

[Event "Titled Tuesday Blitz August 3 2021"]
[White "Kretov, Evgenij"]
[Black "Labussiere, Victor"]
[WhiteFideId "4167821"]
[BlackFideId "2183129"]
[WhiteElo "2400"]
[BlackElo "1921"]
[Result "0-1"]
[Round "02"]
[TimeControl "180+1"]
[Date "2021.08.03"]
[WhiteClock "0:00:18"]
[BlackClock "0:00:30"]

1. d4 d5 2. c4 dxc4 3. Nf3 Nf6 4. e3 e6 5. Bxc4 c5 6. O-O a6 7. e4 cxd4 8. e5 Nd5 9. Qxd4 Nc6 10. Qg4 b5 11. Bxd5 exd5 12. Qg3 Be6 13. Bg5 Qb6 14. Nc3 Bb4 15. Rad1 Bxc3 16. bxc3 Rg8 17. Nd4 Nxd4 18. cxd4 Kd7 19. f4 Bf5 20. Qf3 Qe6 21. h3 Be4 22. Qe2 f5 23. a4 Rgb8 24. axb5 Rxb5 25. Ra1 Qb6 26. Kh2 Rb2 27. e6+ Kxe6 28. Rab1 Rxb1 29. Rf2 Rb8 30. Qh5 Qxd4 31. Qxh7 Qxf2 32. Qg6+ Kd7 33. Qf7+ Kc6 34. Qe6+ Kb5 35. Qd7+ Kc4 36. Qc6+ Qc5 37. Qxa6+ R8b5 38. Qa2+ R5b3 39. Qa6+ Qb5 40. Qc8+ Kd3 41. Bh4 Qb6 42. Kg3 Ke2+ 43. Kh2 Qg1# 0-1


[Site "https://www.chess.com"]

[Event "Titled Tuesday Blitz August 3 2021"]
[White "Laxman, R.R."]
[Black "Nguyen, Hong Anh"]
[WhiteFideId "5005361"]
[BlackFideId "12406732"]
[WhiteElo "2476"]
[BlackElo "1974"]
[Result "0-1"]
[Round "02"]
[TimeControl "180+1"]
[Date "2021.08.03"]
[WhiteClock "0:01:55"]
[BlackClock "0:00:45"]

1. d4 Nf6 2. Nf3 g6 3. c4 Bg7 4. Nc3 d5 5. cxd5 Nxd5 6. e4 Nxc3 7. bxc3 c5 8. Rb1 O-O 9. Be2 Nc6 10. d5 Ne5 11. Nxe5 Bxe5 12. Bd2 e6 13. c4 exd5 14. cxd5 b6 15. O-O Re8 16. Kh1 Bd4 17. Bd3 c4 18. Bxc4 Rxe4 19. Qc2 Re8 20. Bc3 Bf5 21. Bd3 Bxd3 22. Qxd3 Bxc3 23. Qxc3 Qxd5 24. a4 Rac8 25. Qb4 Rc4 26. Qb3 Qc5 27. Qb5 Rc8 28. Qd7 Rc7 29. Qe8+ Kg7 30. Rbd1 Qe7 31. Qb5 R7c5 32. Qb2+ Qf6 33. Qb3 Rc3 34. Qb4 Rc2 35. Kg1 Rf5 36. Qe1 Re5 37. Qb4 Ree2 38. Qd4 Qxd4 39. Rxd4 Ra2 40. g3 Kf6 41. Rf4+ Ke6 42. Rc1 f5 43. Rc7 g5 44. Rf3 g4 45. Rf4 Re1+ 46. Kg2 Raa1 0-1


[Site "https://www.chess.com"]

[Event "Titled Tuesday Blitz August 3 2021"]
[White "Lazavik, Denis"]
[Black "Skatchkov, Pavel"]
[WhiteFideId "13515110"]
[BlackFideId "4121848"]
[WhiteElo "2436"]
[BlackElo "2476"]
[Result "1-0"]
[Round "02"]
[TimeControl "180+1"]
[Date "2021.08.03"]
[WhiteClock "0:00:06"]
[BlackClock "0:00:05"]

1. d4 Nf6 2. c4 e6 3. Nf3 d5 4. Nc3 Bb4 5. Bg5 h6 6. Bxf6 Qxf6 7. e3 O-O 8. Qb3 Nc6 9. cxd5 exd5 10. Qxd5 Be6 11. Qb5 a6 12. Qd3 Rfe8 13. Be2 Rad8 14. O-O Bf5 15. Qd2 Be4 16. Nxe4 Rxe4 17. Qc2 Ree8 18. a3 Bd6 19. g3 Qe6 20. Rfd1 Qd5 21. Qc4 Qe4 22. Nd2 Qg6 23. Bf3 Ne7 24. Be4 Qg4 25. Bf3 Qg6 26. Bxb7 Rb8 27. Be4 Qf6 28. b4 h5 29. Bg2 h4 30. Ne4 Qh6 31. Nxd6 Qxd6 32. Rac1 hxg3 33. hxg3 Rec8 34. Qc5 Qf6 35. Bh3 Re8 36. Qxc7 Nd5 37. Qc6 Qg5 38. Bg2 Nxe3 39. fxe3 Qxe3+ 40. Kh2 Re6 41. Qc2 Rh6+ 42. Bh3 Re8 43. Re1 Qxe1 44. Rxe1 Rxe1 45. Qc8+ Kh7 46. Qf5+ Kg8 47. Qc8+ Kh7 48. Qc2+ Kg8 49. d5 Re5 50. d6 Reh5 51. Qc8+ Kh7 52. Qg4 f5 53. Qxh5 Rxh5 54. d7 f4 55. d8=Q fxg3+ 56. Kxg3 1-0


[Site "https://www.chess.com"]

[Event "Titled Tuesday Blitz August 3 2021"]
[White "Lee, Qing Aun"]
[Black "Rasulov, Vugar"]
[WhiteFideId "5804167"]
[BlackFideId "13402390"]
[WhiteElo "2023"]
[BlackElo "2553"]
[Result "0-1"]
[Round "02"]
[TimeControl "180+1"]
[Date "2021.08.03"]
[WhiteClock "0:00:08"]
[BlackClock "0:00:44"]

1. e4 e5 2. Nf3 Nc6 3. Bb5 a6 4. Ba4 Nf6 5. O-O b5 6. Bb3 Bc5 7. c3 d6 8. d4 Bb6 9. h3 h6 10. Re1 O-O 11. a4 Bb7 12. Na3 exd4 13. cxd4 Re8 14. d5 Na5 15. Bc2 bxa4 16. Be3 Nb3 17. Bxb3 axb3 18. Bxb6 cxb6 19. Qd3 b5 20. Nd4 Qb6 21. Nf5 Bc8 22. Nd4 Bd7 23. Nxb3 Re7 24. Nc2 Rae8 25. Nd2 a5 26. Re3 a4 27. Nb4 Qc5 28. Na6 Qb6 29. Nb4 Rc8 30. Kh2 Be8 31. Nf3 Nd7 32. Nd4 Ne5 33. Qd1 Rc4 34. Nf5 Rec7 35. Nd3 Nxd3 36. Qxd3 Bd7 37. Rae1 Rc2 38. Rg3 Bxf5 39. exf5 Qxf2 40. Re8+ Kh7 41. f6+ g6 42. Rf8 Qxf6 43. Qe3 Qe7 44. Qxe7 Rxe7 45. Rb8 Rxb2 0-1


[Site "https://www.chess.com"]

[Event "Titled Tuesday Blitz August 3 2021"]
[White "Leisch, Lukas"]
[Black "Vykouk, Jan"]
[WhiteFideId "1632094"]
[BlackFideId "349658"]
[WhiteElo "2247"]
[BlackElo "2387"]
[Result "1-0"]
[Round "02"]
[TimeControl "180+1"]
[Date "2021.08.03"]
[WhiteClock "0:00:22"]
[BlackClock "0:00:10"]

1. Nf3 Nf6 2. c4 g6 3. Nc3 Bg7 4. e4 d6 5. d4 O-O 6. Be2 c6 7. O-O a6 8. h3 b5 9. Qc2 bxc4 10. Bxc4 d5 11. exd5 cxd5 12. Bd3 Nc6 13. a3 Bd7 14. Be3 Qc8 15. Rfc1 Qb7 16. Na4 Na5 17. Nc5 Qb6 18. b4 Nb7 19. Nxd7 Nxd7 20. Qc7 Rfd8 21. Qxb6 Nxb6 22. Rc6 Rd6 23. Rac1 a5 24. Rc7 Nd8 25. b5 Bf8 26. Bf4 Rd7 27. Rxd7 Nxd7 28. Rb1 Ne6 29. Bg3 Nb6 30. Rc1 Rc8 31. Rc6 Rxc6 32. bxc6 f5 33. Bb8 Bh6 34. Ba6 Bf4 35. Bxf4 Nxf4 36. c7 Nd3 37. c8=Q+ Nxc8 38. Bxc8 Kf7 39. Ne5+ Nxe5 40. dxe5 f4 41. Kf1 g5 42. Ke2 h5 43. Kd3 e6 44. Kd4 Ke7 45. Ba6 Kd7 46. Bb5+ Ke7 47. Kc5 g4 48. hxg4 hxg4 49. Be2 g3 50. fxg3 fxg3 51. Kb5 Kf7 52. Kxa5 Kg6 53. Kb4 Kf5 54. a4 Kxe5 55. a5 Kd6 56. Kb5 Kc7 57. Kc5 Kb7 58. Kd6 d4 59. Kxe6 Ka7 60. Kd5 d3 61. Bxd3 1-0


[Site "https://www.chess.com"]

[Event "Titled Tuesday Blitz August 3 2021"]
[White "Maksimovic, Bojan"]
[Black "Sliwicki, Damian"]
[WhiteFideId "14408120"]
[BlackFideId "1127128"]
[WhiteElo "2439"]
[BlackElo "2149"]
[Result "1-0"]
[Round "02"]
[TimeControl "180+1"]
[Date "2021.08.03"]
[WhiteClock "0:00:57"]
[BlackClock "0:00:06"]

1. e4 c5 2. Nc3 Nc6 3. Bb5 g6 4. Bxc6 dxc6 5. d3 Bg7 6. f4 Nf6 7. Nf3 O-O 8. O-O b6 9. h3 Nd7 10. e5 b5 11. Ne4 f5 12. Ned2 Nb6 13. b3 Kh8 14. Qe2 Be6 15. c4 b4 16. a4 a5 17. Rd1 Qd7 18. Nf1 Qc7 19. Be3 Nd7 20. Qf2 Qa7 21. Ra2 h6 22. d4 cxd4 23. Nxd4 Bg8 24. Ne6 c5 25. Nxf8 Rxf8 26. Rad2 Be6 27. Qf3 Qc7 28. h4 h5 29. Bf2 Kh7 30. Ne3 Bh6 31. g3 Rd8 32. Nd5 Bxd5 33. Qxd5 Bg7 34. e6 Bd4 35. Bxd4 Nf6 36. Qxc5 Qb7 37. Bxf6 Qf3 38. Qxe7+ 1-0


[Site "https://www.chess.com"]

[Event "Titled Tuesday Blitz August 3 2021"]
[White "Maltsevskaya, Aleksandra"]
[Black "Savchenko, Boris"]
[WhiteFideId "24174041"]
[BlackFideId "4147332"]
[WhiteElo "2225"]
[BlackElo "2542"]
[Result "0-1"]
[Round "02"]
[TimeControl "180+1"]
[Date "2021.08.03"]
[WhiteClock "0:00:03"]
[BlackClock "0:00:57"]

1. e4 c5 2. Nf3 d6 3. d4 cxd4 4. Nxd4 Nf6 5. f3 g6 6. c4 Bg7 7. Nc3 Nc6 8. Be3 O-O 9. Be2 Bd7 10. O-O Qb6 11. Na4 Qa5 12. Nxc6 Bxc6 13. Nc3 Nd7 14. Nd5 Bxd5 15. cxd5 Bxb2 16. Rb1 Qa3 17. Qd3 b6 18. Rxb2 Qxb2 19. Bd4 Qb4 20. Rb1 Qa4 21. Bd1 Qa5 22. Qe3 Rfc8 23. Bb3 Nc5 24. h4 Nxb3 25. axb3 Rc2 26. Qh6 f6 27. h5 Qd2 28. Qxd2 Rxd2 29. Be3 Re2 30. Bf2 Rc8 31. Ra1 Rcc2 32. Bd4 Rxg2+ 33. Kf1 Rh2 0-1


[Site "https://www.chess.com"]

[Event "Titled Tuesday Blitz August 3 2021"]
[White "Maly, Alexey"]
[Black "Flores Quillas, Diego Saul Rodri"]
[WhiteFideId "14103184"]
[BlackFideId "3822508"]
[WhiteElo "2285"]
[BlackElo "2071"]
[Result "0-1"]
[Round "02"]
[TimeControl "180+1"]
[Date "2021.08.03"]
[WhiteClock "0:01:59"]
[BlackClock "0:01:02"]

1. d4 Nf6 2. c4 c5 3. d5 e6 4. Nc3 exd5 5. cxd5 d6 6. Nf3 g6 7. Nd2 Nbd7 8. g3 Bg7 9. Bg2 O-O 10. O-O a6 11. a4 Re8 12. h3 Nh5 13. Kh2 f5 14. e3 Rb8 15. a5 Ne5 16. Qc2 Qc7 17. b3 Bd7 18. Bb2 Bb5 19. Nxb5 axb5 20. Rfc1 Ra8 21. b4 c4 22. Rd1 Nd3 23. Bxg7 Qxg7 24. Rab1 Nxf2 25. Rf1 Nd3 26. e4 Qe5 27. exf5 Qxg3+ 28. Kh1 Re2 29. Rg1 Nf2# 0-1


[Site "https://www.chess.com"]

[Event "Titled Tuesday Blitz August 3 2021"]
[White "Matinian, Nikita"]
[Black "Krishnakumar, Sriram"]
[WhiteFideId "24129100"]
[BlackFideId "30915856"]
[WhiteElo "2410"]
[BlackElo "2276"]
[Result "1-0"]
[Round "02"]
[TimeControl "180+1"]
[Date "2021.08.03"]
[WhiteClock "0:01:14"]
[BlackClock "0:00:17"]

1. e4 e5 2. Nf3 Nc6 3. Bb5 a6 4. Ba4 Nf6 5. O-O b5 6. Bb3 Bc5 7. c3 d6 8. d4 Bb6 9. Be3 O-O 10. Nbd2 h6 11. h3 Re8 12. Re1 Na5 13. Bc2 exd4 14. cxd4 Bb7 15. e5 dxe5 16. dxe5 Bxe3 17. Rxe3 Nd5 18. Re1 Nf4 19. Ne4 Nc4 20. Nc5 Bc6 21. b3 Nb6 22. Be4 Bxe4 23. Rxe4 Qd5 24. Rc1 Ne6 25. Qxd5 Nxd5 26. Nxe6 Rxe6 27. Nd4 Ree8 28. Nc6 Re6 29. Rc5 Nb6 30. f4 f5 31. Re3 g5 32. fxg5 hxg5 33. Rg3 g4 34. hxg4 f4 35. Rf3 Rf8 36. Nd4 Rg6 37. Nf5 Nd7 38. Ne7+ Kg7 39. Nxg6 Kxg6 40. Rxc7 Nxe5 41. Rf1 Nxg4 42. Rc6+ Kg5 43. Rxa6 Ne3 44. Rb6 Nxf1 45. Rxb5+ Kg4 46. Kxf1 f3 47. gxf3+ Kxf3 48. Ke1 Rh8 49. Kd1 Ke3 50. Kc2 Rh2+ 51. Kb1 Kd3 52. Rc5 Kd4 53. Rc4+ Kd3 54. a4 Rg2 55. a5 Rg5 56. a6 Ra5 57. Ra4 Rh5 58. a7 Rh1+ 59. Kb2 Rh2+ 60. Ka3 1-0


[Site "https://www.chess.com"]